 Dungeon Crawl Stone Soup version 0.23.2-40-g277498a001 (webtiles) character file.

Game seed: 1485663890330579131

381 Ihlosi the Ducker (level 6, -1/51 HPs)
             Began as a Draconian Conjurer on Sept 25, 2019.
             Succumbed to an orc's poison
             ... on level 5 of the Dungeon.
             The game lasted 00:13:09 (3906 turns).

Ihlosi the Ducker (Draconian Conjurer)              Turns: 3906, Time: 00:13:10

Health: -1/51      AC:  8    Str: 10    XL:     6   Next: 46%
Magic:  6/10       EV: 14    Int: 22    God:
Gold:   222        SH:  2    Dex: 12    Spells: 7/11 levels left

rFire    + . .     SeeInvis .   f - +0 short sword (freeze)
rCold    + . .     Gourm    .   (no shield)
rNeg     . . .     Faith    .   (armour unavailable)
rPois    +         Spirit   .   (helmet restricted)
rElec    +         Reflect  +   (no cloak)
rCorr    +         Harm     .   (no gloves)
MR       .....                  i - +1 pair of boots
Stlth    ++........             g - +2 amulet of reflection
HPRegen  0.17/turn              (no ring)
MPRegen  0.12/turn              (no ring)

@: brilliant, lethally poisoned (-1 -> -19), resistant, flying, very slightly
contaminated
A: unfitting armour, cold-blooded, AC +6
a: no special abilities


You were on level 5 of the Dungeon.
You were hungry.

You visited 1 branch of the dungeon, and saw 5 of its levels.

You collected 222 gold pieces.

Inventory:

Hand Weapons
 c - a +0 dagger
 f - a +0 short sword of freezing (weapon)
Missiles
 a - 10 poisoned needles
 e - 173 stones (quivered)
 l - 31 sling bullets
Armour
 i - a +1 pair of boots (worn)
 p - a +0 robe
Jewellery
 g - a +2 amulet of reflection (around neck)
Scrolls
 d - 5 scrolls of identify {unknown}
 k - a scroll of enchant armour {unknown}
 m - 2 scrolls of amnesia {unknown}
 n - a scroll of fear {unknown}
 o - a scroll of teleportation {unknown}
 s - a scroll of magic mapping {unknown}
Potions
 t - a potion of haste {unknown}
Comestibles
 b - 2 rations


   Skills:
 * Level 3.1 Fighting
 * Level 4.2 Dodging
 + Level 3.3 Stealth
 * Level 3.0 Spellcasting
 * Level 4.2 Conjurations


You had 7 spell levels left.
You knew the following spells:

 Your Spells              Type           Power        Failure   Level  Hunger
a - Magic Dart            Conj           ####         1%          1    None
b - Dazzling Spray        Conj/Hex       ####..       1%          3    ###....

Your spell library contained the following spells:

 Spells                   Type           Power        Failure   Level  Hunger
 Searing Ray              Conj           #####.       1%          2    ##.....
 Iskenderun's Mystic Bla  Conj           #####...     2%          4    ####...
 Force Lance              Conj/Tloc      ####....     6%          4    ####...
 Fulminant Prism          Conj/Hex       ####......   6%          4    ####...


Dungeon Overview and Level Annotations

Branches:
Dungeon (5/15)
 Temple: D:4-7

Altars:
Cheibriados
Fedhas
Nemelex Xobeh
Sif Muna
Vehumet

Annotations:
D:4 Eustachio, Natasha, Sigmund
D:5 exclusions: ogre, orc wizard and shadow imp


Innate Abilities, Weirdness & Mutations

Your plain brown scales are hard. (AC +6)
You cannot fit into any form of body armour.
You are cold-blooded and may be slowed by cold attacks.


Message History

It was a potion of flight.
You feel very buoyant.
You fly up into the air.
* * * LOW HITPOINT WARNING * * *
You feel sick. The orc barely misses you.
Casting: Dazzling Spray (safe; 22% risk of failure)
Confirm with . or Enter, or press ? or * to list all spells.
Aiming: Magic Dart (safe; 3% risk of failure)
Press: ? - help, Shift-Dir - straight line, f - orc
Aim: an orc, wielding a +3 dagger of venom and wearing a +0 leather armour You miscast Magic Dart.
You are very lightly contaminated with residual magic.
Your skin tingles.
* * * LOW HITPOINT WARNING * * *
You feel sick.
The orc hits you with a +3 dagger of venom.
* * * LOW HITPOINT WARNING * * *
It was a potion of brilliance.
You feel clever all of a sudden.
You die...

#.....# #..##.. #.....#
#..#... #.....# #..'...
#.....# #..#...
#.....##### #>##.##
#.........#. ###...#
#.........#... #.._..
#.....##..#.... #.8.8.
#.....##.@#....#+######+##
#.........o........# ...
#.........#........# #...#
#.....##..#####....###≈≈≈#
#.....##..# #....<##o>o#
#.......... #####.######
.. ...# #....... ....#
#.....## #.....#.


You could see an orc.

Vanquished Creatures
  A centaur (D:5)
  A centaur zombie (D:5)
  A crimson imp (D:5)
  An orc priest (D:3)
  An orc wizard (D:5)
  Natasha (D:4)
  5 adders
  An ooze (D:2)
  3 worms (D:2)
  2 dart slugs
  2 leopard geckos
  5 orcs
  4 giant cockroaches
  7 goblins
  10 hobgoblins
  2 jackals
  4 quokkas
  13 bats
  2 frilled lizards
  8 kobolds
  13 rats
87 creatures vanquished.

Notes
Turn   | Place    | Note
-------+----------+-------------------------------------------
     0 | D:1      | Ihlosi the Draconian Conjurer began the quest for the Orb.
     0 | D:1      | Reached XP level 1. HP: 14/14 MP: 3/3
   289 | D:1      | Reached XP level 2. HP: 22/22 MP: 5/5
   892 | D:1      | Reached skill level 1 in Fighting
  1340 | D:1      | Reached XP level 3. HP: 28/28 MP: 6/6
  1889 | D:2      | Reached XP level 4. HP: 35/35 MP: 7/7
  1906 | D:2      | Learned a level 3 spell: Dazzling Spray
  2612 | D:3      | Reached XP level 5. HP: 3/42 MP: 1/8
  3213 | D:4      | Noticed Sigmund
  3234 | D:4      | Noticed Eustachio
  3251 | D:4      | Noticed Natasha
  3257 | D:4      | Killed Natasha
  3266 | D:4      | Noticed Natasha
  3268 | D:5      | Entered Level 5 of the Dungeon
  3310 | D:5      | Noticed an ogre
  3361 | D:5      | Found a deep blue altar of Sif Muna.
  3687 | D:4      | Found a radiant altar of Vehumet.
  3709 | D:4      | Found a blossoming altar of Fedhas.
  3709 | D:4      | Found a snail-covered altar of Cheibriados.
  3709 | D:4      | Found a sparkling altar of Nemelex Xobeh.
  3823 | D:5      | Reached XP level 6. HP: 50/50 MP: 6/10
  3905 | D:5      | HP: 1/51 [orc/+3 dagger of venom (5)]
  3906 | D:5      | Succumbed to an orc's poison

Skill      XL: |  1  2  3  4  5  6 |
---------------+-------------------+-----
Dodging        | 2 3 4 |  4.2
Stealth        | 2 3 |  3.3
Fighting       | 1 2 3 |  3.1
Spellcasting   | 3 |  3.0
Conjurations   | |  4.2

Action                   |  1- 3 |  4- 6 || total
-------------------------+-------+-------++-------
Melee: Unarmed           |    96 |       ||    96
       Tailslap          |    14 |    22 ||    36
       Short sword       |    90 |   170 ||   260
 Cast: Magic Dart        |       |    18 ||    18
       Dazzling Spray    |       |     3 ||     3
  Use: Potion            |       |     4 ||     4
 Stab: Sleeping          |    11 |     5 ||    16
  Eat: Chunk             |     3 |     7 ||    10
Armor: Skin              |    61 |    70 ||   131
Dodge: Dodged            |   123 |   112 ||   235
Block: Other             |    13 |     8 ||    21
